 Dungeon Crawl Stone Soup version 0.27-a0-522-g46bbb28828 (webtiles) character file.

Game seed: 8460152865994981326

656 kae the Chopper (level 7, -5/62 HPs)
             Began as a Hill Orc Fighter on Mar 4, 2021.
             Splashed by Ijyb's acid (10 damage)
             ... on level 5 of the Dungeon.
             The game lasted 00:02:25 (5465 turns).

kae the Chopper (Hill Orc Fighter)                  Turns: 5465, Time: 00:02:25

Health: -5/62      AC: 10    Str: 21    XL:     7   Next: 55%
Magic:  7/7        EV:  7    Int: 14    God:
Gold:   257        SH:  9    Dex: 10    Spells: 6/6 levels left

rFire    . . .     SeeInvis .   a - +1 war axe
rCold    . . .     Faith    .   c - +0 kite shield
rNeg     . . .     Spirit   .   b - +0 scale mail
rPois    .         Reflect  .   (no helmet)
rElec    .         Harm     .   m - +2 cloak
rCorr    .         Rampage  .   (no gloves)
Will     .....                  (no boots)
Stlth    ..........             (no amulet)
HPRegen  0.20/turn              e - +6 ring of intelligence
MPRegen  0.10/turn              (no ring)

@: no status effects
A: no striking features
a: no special abilities


You were on level 5 of the Dungeon.
You visited 1 branch of the dungeon, and saw 5 of its levels.

You collected 257 gold pieces.

Inventory:

Hand Weapons
 a - a +1 war axe (weapon)
Armour
 b - a +0 scale mail (worn)
 c - a +0 kite shield (worn)
 m - a +2 cloak (worn)
Jewellery
 e - a +6 ring of intelligence (left hand)
Scrolls
 g - a scroll of fear
 o - a scroll of teleportation
Potions
 d - 5 potions of might
 f - a potion of haste
 h - a potion of cancellation
 i - a potion of degeneration {unknown}
 k - 2 potions of curing
 l - a potion of attraction {unknown}


   Skills:
 + Level 5.9 Fighting
 * Level 7.9 Axes
 + Level 5.4 Armour
 - Level 3.2 Shields


You had 6 spell levels left.
You didn't know any spells.
Your spell library contained the following spells:

 Spells                   Type           Power        Failure   Level
 Magic Dart               Conj           0%           98%         1
 Searing Ray              Conj           0%           99%         2
 Confusing Touch          Hex            0%           100%        3
 Dazzling Flash           Conj/Hex       0%           100%        3
 Gell's Gravitas          Tloc           0%           100%        3
 Fulminant Prism          Conj/Hex       0%           100%        4
 Iskenderun's Mystic Bla  Conj/Tloc      0%           100%        4
 Petrify                  Tmut/Erth      0%           100%        4
 Metabolic Englaciation   Hex/Ice        0%           100%        5
 Yara's Violent Unravell  Hex/Tmut       0%           100%        5


Dungeon Overview and Level Annotations

Branches:
Dungeon (5/15)
 Temple: D:4-7

Altars:
Ashenzari
Cheibriados
Fedhas
Yredelemnul

Annotations:
D:5 Ijyb


Message History

The white imp hits you but does no damage.
You slash the white imp!
You kill the white imp!
You pick up a book of Conjurations and begin reading...
You add the spells Magic Dart, Searing Ray, Dazzling Flash, Fulminant Prism and Iskenderun's Mystic Blast to your library.
No target in view!
No target in view!
Found a stone staircase leading down.
Ijyb the Twisted Goblin comes into view.
She is carrying a wand of acid (10).
Ijyb shouts!
Ijyb is nearby!
Ijyb zaps a wand.
The bolt of acid hits you!
You are splashed with acid!
You are too injured to fight recklessly!
Ijyb is nearby!
You are too injured to fight recklessly!
You are too injured to fight recklessly!
Ijyb is nearby!
You are too injured to fight recklessly!
You are too injured to fight recklessly!
Ijyb is nearby!
You are too injured to fight recklessly!
You are too injured to fight recklessly!
You are too injured to fight recklessly!
You are too injured to fight recklessly!
You slash Ijyb!
Ijyb is moderately wounded.
Ijyb zaps a wand.
The bolt of acid misses you.
You closely miss Ijyb.
Ijyb is moderately wounded.
Ijyb hits you but does no damage. x2
You hit Ijyb.
Ijyb is heavily wounded.
Ijyb zaps a wand.
The bolt of acid hits you!
You are splashed with acid!
* * * LOW HITPOINT WARNING * * *
You barely miss Ijyb.
Ijyb is heavily wounded.
Ijyb zaps a wand.
The bolt of acid hits you!
* * * LOW HITPOINT WARNING * * *
You are splashed with acid!
You die...

#.# #.# .>.
#.# #.# #.#
#.# # #.#
#.# #. #.#
#.# ###. #.#
#.# #...
#g#######.##
#.#.
#@##.......#
#.#.
#.##.#####.#
#.## #.##.#
#.####.#.
#....#
#........
####.#
#.#.....#
#.#
#.#.###..
#.. ..#.#
##. ###.
.....# ##
...##### #


You could see Ijyb.

Vanquished Creatures
  A black bear (D:4)
  A centaur (D:4)
  Crazy Yiuf (D:2)
  A bullfrog skeleton (D:3)
  Natasha (thrice) (D:2)
  2 orc wizards (D:4)
  2 worker ants
  A worker ant zombie (D:5)
  9 adders
  3 gnolls (D:4)
  A white imp (D:5)
  2 oozes
  2 worms
  2 dart slugs
  3 leopard geckos
  7 orcs
  2 ball pythons
  5 giant cockroaches
  8 goblins
  2 hobgoblins
  12 jackals
  5 quokkas
  9 bats
  9 frilled lizards
  2 gnoll zombies (D:2)
  9 kobolds
  10 rats
114 creatures vanquished.

Vanquished Creatures (others)
  29 plants (D:2)
29 creatures vanquished.

Grand Total: 143 creatures vanquished

Notes
Turn   | Place    | Note
-------+----------+-------------------------------------------
     0 | D:1      | kae the Hill Orc Fighter began the quest for the Orb.
     0 | D:1      | Reached XP level 1. HP: 19/19 MP: 1/1
    76 | D:1      | Reached skill level 3 in Axes
   357 | D:1      | Reached XP level 2. HP: 27/27 MP: 2/2
  1016 | D:2      | Reached XP level 3. HP: 31/33 MP: 3/3
  1132 | D:2      | Reached skill level 4 in Axes
  1164 | D:2      | Noticed Natasha
  1175 | D:2      | Killed Natasha
  1176 | D:2      | Reached XP level 4. HP: 5/40 MP: 4/4
  1626 | D:2      | Noticed Natasha
  1640 | D:2      | Killed Natasha
  1684 | D:2      | Found a snail-covered altar of Cheibriados.
  1694 | D:2      | Reached skill level 5 in Axes
  1838 | D:2      | Reached XP level 5. HP: 45/47 MP: 5/5
  2142 | D:2      | Found a broken altar of Ashenzari.
  2223 | D:2      | Found a basalt altar of Yredelemnul.
  2263 | D:2      | Found a runed translucent door.
  2264 | D:2      | Noticed Crazy Yiuf
  2332 | D:2      | Noticed Natasha
  2342 | D:2      | Killed Natasha
  2725 | D:2      | Killed Crazy Yiuf
  3369 | D:3      | Reached skill level 6 in Axes
  3376 | D:3      | Reached XP level 6. HP: 45/55 MP: 6/6
  3546 | D:3      | Reached skill level 5 in Fighting
  4038 | D:4      | Noticed a black bear
  4050 | D:4      | Killed a black bear
  4051 | D:4      | Reached skill level 5 in Armour
  4260 | D:4      | Reached skill level 7 in Axes
  4260 | D:4      | Reached XP level 7. HP: 60/61 MP: 7/7
  4263 | D:4      | Found a blossoming altar of Fedhas.
  5072 | D:5      | Entered Level 5 of the Dungeon
  5458 | D:5      | Noticed Ijyb
  5465 | D:5      | Splashed by Ijyb's acid

Illustrated notes

Levels and vault maps discovered:
D:1:      minmay_arrival_solitary_statue, layout_basic, minmay_splitting_lines
D:2:      layout_loops_ring, lemuel_zombie_altar_yredelemnul,
          cheibriados_altar_1, general_overflow_altar,
          chequers_serial_rivers_room_a, grunt_ministairs_12,
          serial_bayou_lagoon_a, kennysheep_generic_room_6,
          uniq_crazy_yiuf_cottage, uniq_natasha
D:3:      layout_loops_ring
D:4:      layout_rooms, fedhas_bush_and_centaur_altar, serial_glass,
          glass_columns_a, glass_columns_a, hangedman_abyss_or_decor_lesser_grid
D:5:      layout_loops_ring, kennysheep_generic_room_10, uniq_edmund, uniq_ijyb

Skill      XL: |  1  2  3  4  5  6 |
---------------+-------------------+-----
Axes           | 3 4 5 6 7 |  7.9
Fighting       | 4 5 |  5.9
Armour         | 4 5 |  5.4
Shields        | |  3.2

Action                   |  1- 3 |  4- 6 |  7- 9 || total
-------------------------+-------+-------+-------++-------
Melee: War axe           |    97 |   218 |    91 ||   406
  Use: Potion            |     1 |       |       ||     1
       Scroll            |       |     6 |     4 ||    10
Armor: Scale mail        |    50 |   128 |    44 ||   222
       Skin              |     4 |       |       ||     4
Dodge: Dodged            |    40 |    81 |    37 ||   158
Block: Kite shield       |    65 |   143 |    41 ||   249

Table legend: (Time is in decaauts)
 A = Elapsed time spent in this place.
 B = Non-inter-level travel time spent in this place.
 C = Inter-level travel time spent in this place.
 D = Time resting spent in this place.
 E = Time spent auto-exploring this place.
 F = Levels seen in this place.
 G = Mean time per level.
                   A        B        C        D        E       F      G
               +--------+--------+--------+--------+--------+-----+--------+
         Total |   5680 |   5569 |    111 |    411 |   4240 |   5 | 1136.0 |
       Dungeon |   5680 |   5569 |    111 |    411 |   4240 |   5 | 1136.0 |
               +--------+--------+--------+--------+--------+-----+--------+

Top non-repeatable levels by time:
     D:2: 2032 daAuts
     D:3: 1177 daAuts
     D:1: 1040 daAuts
     D:4: 1025 daAuts
     D:5: 405 daAuts
